 Dungeon Crawl Stone Soup version 0.30-a0-857-gcaf70739d4 (webtiles) character file.

Game seed: 8630625453578574762

440 Firecrotchwizard the Ruffian (level 7, -1/61 HPs)
             Began as a Ghoul Monk on Mar 6, 2023.
             Was a Believer of Makhleb.
             Slain by a killer bee (7 damage)
             ... on level 3 of the Dungeon.
             The game lasted 00:06:13 (2949 turns).

Firecrotchwizard the Ruffian (Ghoul Monk)           Turns: 2949, Time: 00:06:14

Health: -1/61      AC:  5    Str: 17    XL:     7   Next: 2%
Magic:  7/7        EV: 16    Int:  5    God:    Makhleb [**....]
Gold:   77         SH:  0    Dex: 11    Spells: 6/6 levels left

rFire   . . .      SeeInvis .      - Unarmed
rCold   + . .      Faith    .    (no shield)
rNeg    + + +      Spirit   .    g - +0 ring mail
rPois   ∞          Reflect  .    (no helmet)
rElec   .          Rampage  .    (no cloak)
rCorr   .                        (no gloves)
Will    .....                    (no boots)
Stlth   +                        o - amulet of the acrobat
HPRegen 0.00/turn                E - +5 ring of evasion
MPRegen 0.10/turn                (no ring)

@: inhibited regen
A: claws 1, cold resistance 1, negative energy resistance 3, inhibited
regeneration, torment resistance 2, devour on kill
a: Renounce Religion, Minor Destruction


You were on level 3 of the Dungeon.
You worshipped Makhleb.
Makhleb was pleased with you.
You visited 1 branch of the dungeon, and saw 4 of its levels.

You collected 167 gold pieces.
You spent 90 gold pieces at shops.

Inventory:

Missiles
 c - 3 boomerangs
 s - 50 stones (quivered)
Armour
 a - a +1 robe
 g - a +0 ring mail (worn)
   (You took it off an orc on level 3 of the Dungeon)
Jewellery
 l - a ring of flight {+Fly, !d}
   (You found it on level 3 of the Dungeon)
 o - an amulet of the acrobat (around neck)
   (You found it on level 4 of the Dungeon)
 E - a +5 ring of evasion (left claw)
   (You found it on level 1 of the Dungeon)
Wands
 h - a wand of light (1)
   (You took it off an orc on level 3 of the Dungeon)
Scrolls
 b - a scroll of fog
 e - 3 scrolls of identify {@r1}
 f - 2 scrolls of enchant weapon
 n - a scroll of immolation {unknown}
 D - a scroll of blinking {!r}
 V - 2 scrolls of vulnerability {!r!r}
Potions
 d - a potion of cancellation
 i - a potion of resistance {unknown}
 j - 2 potions of attraction {unknown}
 k - a potion of flight {unknown}
 m - 2 potions of curing {unknown}
 G - a potion of ambrosia {!q}


   Skills:
 + Level 5.3 Fighting
 - Level 2.6 Dodging
 - Level 2.1 Stealth
 * Level 6.8 Unarmed Combat
 + Level 2.1 Invocations


You had 6 spell levels left.
You didn't know any spells.
Your spell library contained the following spells:

 Spells                   Type           Power      Damage    Failure   Level
 Portal Projectile        Hex/Tloc       0%         N/A       96%         3
 Tukima's Dance           Hex            0%         N/A       96%         3
 Blade Hands              Tmut           Unusable   N/A       N/A         5

Dungeon Overview and Level Annotations

Branches:
Dungeon (4/15)
 Temple: D:4-7

Altars:
Fedhas
Makhleb
Xom

Shops:
D:3 ?

Annotations:
D:1 1 transporter


Innate Abilities, Weirdness & Mutations

You are immune to poison.
You have sharp fingernails.
Your flesh is cold resistant. (rC+)
You are immune to negative energy. (rN+++)
You do not regenerate when monsters are visible.
You are immune to unholy pain and torment.
You thrive by killing the living.


Message History

The killer bee misses you. The killer bee completely misses you.
The killer bee completely misses you.
The killer bee attacks as you move away!
The killer bee stings you.
The killer bee attacks as you move away!
The killer bee misses you. The killer bee stings you.
The killer bee completely misses you.
You take 11 damage, and have 50/61 hp.
The killer bee completely misses you. The killer bee closely misses you.
The killer bee attacks as you move away!
The killer bee misses you. x2; The killer bee closely misses you.
The killer bee attacks as you move away!
The killer bee completely misses you. x3
The killer bee misses you. The killer bee completely misses you.
The killer bee stings you.
The killer bee completely misses you. x2
You take 6 damage, and have 44/61 hp.
The killer bee attacks as you move away!
The killer bee misses you.
The killer bee attacks as you move away!
The killer bee stings you but does no damage.
The killer bee attacks as you move away!
The killer bee completely misses you. x2
The killer bee completely misses you. The killer bee stings you.
The killer bee barely misses you.
You take 2 damage, and have 42/61 hp.
The killer bee completely misses you. The killer bee stings you!
The killer bee completely misses you.
You take 7 damage, and have 35/61 hp.
The killer bee attacks as you move away!
The killer bee stings you.
The killer bee attacks as you move away!
The killer bee closely misses you. The killer bee misses you.
The killer bee completely misses you. The killer bee closely misses you.
You take 5 damage, and have 30/61 hp.
The killer bee attacks as you move away!
The killer bee completely misses you.
The killer bee attacks as you move away!
The killer bee stings you but does no damage.
The killer bee misses you. The killer bee closely misses you.
The killer bee barely misses you.
The killer bee attacks as you move away!
The killer bee completely misses you. The killer bee closely misses you.
The killer bee completely misses you. The killer bee misses you.
The killer bee misses you. x2; The killer bee completely misses you.
The killer bee attacks as you move away!
The killer bee completely misses you.
The killer bee attacks as you move away!
The killer bee completely misses you.
The killer bee stings you but does no damage.
The killer bee misses you. The killer bee completely misses you.
The killer bee completely misses you. x3
The killer bee attacks as you move away!
The killer bee closely misses you. The killer bee stings you!
The killer bee completely misses you. x2
You take 7 damage, and have 23/61 hp.
The killer bee attacks as you move away!
The killer bee completely misses you. The killer bee misses you. x2
The killer bee completely misses you. The killer bee stings you.
* * * LOW HITPOINT WARNING * * *
The killer bee misses you. The killer bee stings you.
* * * LOW HITPOINT WARNING * * *
You take 6 damage, and have 17/61 hp.
The killer bee closely misses you. x3
The killer bee attacks as you move away!
The killer bee closely misses you. x2; The killer bee completely misses you.
The killer bee closely misses you. The killer bee barely misses you.
The killer bee stings you.
* * * LOW HITPOINT WARNING * * *
The killer bee stings you.
* * * LOW HITPOINT WARNING * * *
You take 7 damage, and have 10/61 hp.
The killer bee completely misses you. x2
The killer bee attacks as you move away!
The killer bee completely misses you. The killer bee closely misses you.
The killer bee misses you. The killer bee completely misses you.
Really read
D - 2 scrolls of blinking {!r}?
Blink to where?
As you read the scroll of blinking {!r}, it crumbles to dust.
The killer bee misses you. The killer bee closely misses you.
You climb upwards.
There is a stone staircase leading down here.
You miss the killer bee. The killer bee closely misses you. x2
You scratch the killer bee.
The killer bee stings you but does no damage.
You barely miss the killer bee. The killer bee misses you.
The killer bee stings you.
* * * LOW HITPOINT WARNING * * *
You take 3 damage, and have 7/61 hp.
You closely miss the killer bee. The killer bee barely misses you.
The killer bee stings you.
* * * LOW HITPOINT WARNING * * *
You take 1 damage, and have 6/61 hp.
You closely miss the killer bee. The killer bee closely misses you.
The killer bee misses you.
You completely miss the killer bee. The killer bee barely misses you.
You scratch the killer bee. The killer bee stings you!
You die...

#.#.# #.#.# #.#.# #.#.#
#.#.# #.#.#
#########...##
######.........#..#
...............y@.#####
######.#####..##..#...#
#...# #.###....#.#
#.#.# #.# #.###..#
#.#.# #.######..##
#)### #.##.# #.## #.#
#.#.####.# #.#
#.##.##.†# #.#
#.###.#.##


You could see a killer bee.

Vanquished Creatures
  2 ogres
  A killer bee (D:4)
  An iguana (D:4)
  An orc wizard (D:3)
  Natasha (D:4)
  7 adders
  A worm (D:2)
  2 dart slugs (D:1)
  5 orcs (D:3)
  7 bats
  9 endoplasms
  4 giant cockroaches
  8 goblins
  7 hobgoblins
  4 jackals (D:1)
  9 kobolds
  2 quokkas
  7 ball pythons
  2 frilled lizards
  3 rats
83 creatures vanquished.

Notes
Turn   | Place    | Note
-------+----------+-------------------------------------------
     0 | D:1      | Firecrotchwizard the Ghoul Monk began the quest for the
                  | Orb.
     0 | D:1      | Reached XP level 1. HP: 19/19 MP: 0/0
    75 | D:1      | Found a faded altar of an unknown god.
   112 | D:1      | Reached XP level 2. HP: 26/26 MP: 1/1
   298 | D:1      | Reached skill level 4 in Unarmed Combat
   444 | D:1      | Reached XP level 3. HP: 33/33 MP: 2/2
  1066 | D:2      | Found a shimmering altar of Xom.
  1077 | D:2      | Reached skill level 4 in Fighting
  1077 | D:2      | Reached XP level 4. HP: 36/40 MP: 3/3
  1211 | D:2      | Reached skill level 5 in Unarmed Combat
  1441 | D:3      | Reached XP level 5. HP: 47/47 MP: 4/4
  1476 | D:3      | Found a large runed translucent door.
  1476 | D:3      | Found a large runed translucent door.
  1489 | D:3      | HP: 10/47 [something (2)]
  1491 | D:3      | HP: 4/47 [something/puff of flame (6)]
  1855 | D:3      | Found Avvug's Magic Scroll Boutique.
  1867 | D:3      | Bought a scroll of blinking for 90 gold pieces
  2560 | D:3      | Found a blossoming altar of Fedhas.
  2565 | D:3      | Found a burning altar of Makhleb.
  2570 | D:3      | Became a worshipper of Makhleb the Destroyer
  2570 | D:3      | Reached * piety under Makhleb
  2570 | D:3      | Reached ** piety under Makhleb
  2623 | D:4      | Noticed an ogre
  2681 | D:4      | Noticed an ogre
  2688 | D:3      | Killed an ogre
  2689 | D:3      | Reached skill level 5 in Fighting
  2689 | D:3      | Reached skill level 6 in Unarmed Combat
  2689 | D:3      | Reached skill level 1 in Invocations
  2689 | D:3      | Reached XP level 6. HP: 56/56 MP: 4/6
  2726 | D:4      | Noticed Natasha
  2728 | D:4      | Killed Natasha
  2859 | D:4      | Reached skill level 2 in Invocations
  2859 | D:4      | Reached XP level 7. HP: 52/61 MP: 7/7
  2936 | D:4      | HP: 15/61 [killer bee (2)]
  2945 | D:3      | HP: 7/61 [killer bee (3)]
  2949 | D:3      | Slain by a killer bee

Illustrated notes

Levels and vault maps discovered:
D:1:      spicycebolla_arrival_risky_transporter, layout_basic,
          shapermc_ecumenical_altar_gd, minmay_close_crescents
D:2:      layout_basic, basic_altar
D:3:      layout_basic, jmf_multi_god_temple2, serial_shops, shop,
          amcnicky_mini_rare_corridor_liquid, amethyst_killhole,
          kennysheep_generic_room_9
D:4:      layout_cave_pools, xom_redecorated, gammafunk_ghost_arena,
          uniq_grinder, uniq_natasha

Skill      XL: |  1  2  3  4  5  6 |
---------------+-------------------+-----
Unarmed Combat | 4 5 6 |  6.8
Fighting       | 4 5 |  5.3
Invocations    | 1 2 |  2.1
Dodging        | |  2.6
Stealth        | |  2.1

Action                     |  1- 3 |  4- 6 |  7- 9 || total
---------------------------+-------+-------+-------++-------
  Melee: Unarmed           |   109 |   143 |     7 ||   259
         Punch             |     5 |     9 |       ||    14
 Invoke: Minor Destruction |       |     1 |       ||     1
    Use: Scroll            |       |     7 |     1 ||     8
   Stab: Sleeping          |     3 |     1 |       ||     4
 Armour: Robe              |    13 |     7 |       ||    20
         Ring mail         |       |    12 |     4 ||    16
  Dodge: Dodged            |    79 |    99 |    78 ||   256

Table legend: (Time is in decaauts)
 A = Elapsed time spent in this place.
 B = Non-inter-level travel time spent in this place.
 C = Inter-level travel time spent in this place.
 D = Time resting spent in this place.
 E = Time spent auto-exploring this place.
 F = Levels seen in this place.
 G = Mean time per level.
                   A        B        C        D        E       F      G
               +--------+--------+--------+--------+--------+-----+--------+
         Total |   2927 |   2820 |    107 |    306 |   1837 |   4 |  731.8 |
       Dungeon |   2927 |   2820 |    107 |    306 |   1837 |   4 |  731.8 |
               +--------+--------+--------+--------+--------+-----+--------+

Top non-repeatable levels by time:
     D:3: 1285 daAuts
     D:1: 948 daAuts
     D:2: 472 daAuts
     D:4: 221 daAuts

Table legend:
 A = Kills in this place as a percentage of kills in the entire game.
 B = Kills by you in this place as a percentage of kills by you in the entire game.
 C = Kills by friends in this place as a percentage of kills by friends in the entire game.
 D = Other kills in this place as a percentage of other kills in the entire game.
 E = Experience gained in this place as a percentage of experience gained in the entire game.
 F = Experience gained in this place divided by the number of levels of this place that you have seen.
                   A       B       C       D       E      F
               +-------+-------+-------+-------+-------+----------------------
         Total | 100.0 | 100.0 |   N/A |   N/A | 100.0 | 157.2
       Dungeon | 100.0 | 100.0 |   N/A |   N/A | 100.0 | 157.2
               +-------+-------+-------+-------+-------+----------------------
